 Dungeon Crawl Stone Soup version 0.29.0-7-g18a832c13a (webtiles) character file.

Game seed: 9311186207711514777

567 SnakkuSnakku7 the Shooter (level 7, 0/50 HPs)
             Began as a Djinni Chaos Knight on Aug 30, 2022.
             Was a Plaything of Xom.
             Killed from afar by a white imp (9 damage)
             ... with a puff of frost
             ... summoned by Xom
             ... on level 4 of the Dungeon.
             The game lasted 00:05:38 (3541 turns).

SnakkuSnakku7 the Shooter (Djinni Chaos Knight)     Turns: 3541, Time: 00:05:44

Health: 0/50       AC:  6    Str: 11    XL:     7   Next: 59%
Gold:   94         EV: 11    Int: 13    God:    Xom [....*.] SH:  0 Dex: 13

rFire   + . .      SeeInvis .   a - +6 shortbow (vorpal)
rCold   . . .      Faith    .   (shield currently unavailable)
rNeg    . . .      Spirit   .   b - +2 leather armour
rPois   ∞          Reflect  .   (no helmet)
rElec   .          Harm     .   z - +0 cloak
rCorr   .          Rampage  .   (no gloves)
Will    +....                   (boots unavailable)
Stlth   +.........              (no amulet)
HPRegen 0.16/turn               f - ring of ice
MPRegen 0.00/turn               B - ring of willpower

@: about to teleport, flying
A: sickness immunity, fire resistance 2, cold vulnerability 1, float, innate
caster, HP casting, extra vitality 1, clumsy 1, evolution 2, MP-powered wands
a: Renounce Religion


You were on level 4 of the Dungeon.
You worshipped Xom.
You were a beloved toy of Xom.
You visited 1 branch of the dungeon, and saw 4 of its levels.

You collected 226 gold pieces.
You spent 132 gold pieces at shops.

Inventory:

Hand Weapons
 a - a +6 vorpal shortbow (weapon)
 i - a +0 falchion of chaos
 y - a +3 sling
Missiles
 t - 6 curare-tipped darts
 u - 2 throwing nets
Armour
 b - a +2 leather armour (worn)
 z - a +0 cloak (worn)
Jewellery
 f - a ring of ice (left hand)
 B - a ring of willpower (right hand)
Wands
 r - a wand of flame (2)
 s - a wand of light (15)
 v - a wand of polymorph (2)
 A - a wand of paralysis (7)
Scrolls
 d - 2 scrolls of butterflies
 e - 2 scrolls of amnesia {unknown}
 g - 2 scrolls of blinking {unknown}
 k - 2 scrolls of enchant armour {unknown}
 n - a scroll of noise {unknown}
 p - a scroll of teleportation
 q - a scroll of enchant weapon {unknown}
Potions
 j - a potion of curing
 l - 3 potions of mutation {unknown}
 m - a potion of cancellation
 x - a potion of attraction
Miscellaneous
 c - a piece from Xom's chessboard (15/15)


   Skills:
 - Level 3.0 Fighting
 - Level 3.1 Long Blades
 + Level 6.1 Ranged Weapons
 - Level 1.0 Armour
 - Level 2.1 Dodging


You couldn't memorise any spells.
You knew the following spells:

 Your Spells              Type           Power      Damage    Failure   Level
a - Shock                 Conj/Air       0%         1d3       38%         1
b - Static Discharge      Conj/Air       0%         3-3/arc   52%         2
c - Inner Flame           Hex/Fire       0%         N/A       77%         3
Your spell library was empty.

Dungeon Overview and Level Annotations

Branches:
Dungeon (4/15)
 Temple: D:4-7

Altars:

Shops:
D:1 (   D:4 :


Innate Abilities, Weirdness & Mutations

You are immune to sickness and miasma.
You are immune to poison.
Your flesh is very heat resistant. (rF++)
You are vulnerable to cold. (rC-)
You float through the air rather than walking.
You learn spells naturally, not from books.
Your magical power is your life essence.
You have superior vitality. (+4 MHP)
You are clumsy. (Dex -2)
You have great hidden genetic potential.
You expend health (3 HP) to strengthen your wands.


Message History

Xom is getting BORED.
You see here a +0 spear.
There is a stone staircase leading down here.
You see here a potion of magic.
Done exploring.
Done exploring.
(D) Dungeon
Where to? (Enter - D:5, ? - help) "Let's see if it's strong enough to survive yet."
You are now a beloved toy of Xom.
Unknown command.
As you read the scroll of teleportation, it crumbles to dust.
You feel strangely unstable. The sixfirhy hits you! The sixfirhy shocks you!
The sixfirhy completely misses you.
The sixfirhy hits you but does no damage.
The crimson imp blinks!
The white imp hits you. The white imp freezes you.
Unknown command.
Fire: a) +6 shortbow (vorpal)
Press: ? - help, Q - select action, (/) - cycle Shift-Dir - straight line, f - sixfirhy
Aim: a sixfirhy (summoned, 39% to hit)
You shoot an arrow. The arrow hits the sixfirhy.
The sixfirhy is lightly wounded.
The white imp gestures at you. The puff of frost hits you.
Fire: a) +6 shortbow (vorpal)
Press: ? - help, Q - select action, (/) - cycle Shift-Dir - straight line, f/p - sixfirhy
Aim: a sixfirhy (summoned, 39% to hit)
You shoot an arrow. The arrow barely misses the sixfirhy.
The arrow barely misses the white imp.
The white imp hits you but does no damage.
The sixfirhy hits you! The sixfirhy shocks you!
* * * LOW HITPOINT WARNING * * *
Unknown command.
You feel much better. The sixfirhy hits you! The sixfirhy shocks you!
* * * LOW HITPOINT WARNING * * *
The sixfirhy barely misses you. The sixfirhy closely misses you.
The white imp gestures at you. The puff of frost hits you!
You die... "Huh?
Did I miss anything?"

...#.### #.###########.#
#.#####
.......###.............#
#......
####.#...###############
####### #.....# ###...#
# #..## ########## #
#..# #5.>.....# # #..#
#3######.# # #..# #@#
#.# # ######..# #5#
#.###### # ........# #5#
#......#### ######.##
##.## ######..... #.#
##.#.## ######
#.#######.###.##
#........## ##.#
#########.###.## ##.#.##


You could see a sixfirhy (summoned), a crimson imp (summoned) and 2 white imps.

Vanquished Creatures
  A water moccasin (D:4)
  Jessica (D:2)
  An orc wizard (D:4)
  Natasha (twice) (D:2)
  6 adders
  2 gnolls
  An ufetubus (D:3)
  2 worms (D:2)
  A dart slug (D:3)
  10 orcs
  5 ball pythons
  4 bats
  8 endoplasms
  A giant cockroach (D:2)
  6 goblins
  3 hobgoblins
  A quokka (D:2)
  A frilled lizard (D:2)
  5 kobolds
  6 rats
67 creatures vanquished.

Vanquished Creatures (collateral kills)
  Sigmund (D:2)
  Natasha (D:2)
  2 gnolls (D:2)
4 creatures vanquished.

Grand Total: 71 creatures vanquished

Notes
Turn   | Place    | Note
-------+----------+-------------------------------------------
     0 | D:1      | SnakkuSnakku7 the Djinni Chaos Knight began the quest for
                  | the Orb.
     0 | D:1      | Reached XP level 1. HP: 20/20 MP: 0/0
   135 | D:1      | Found Vyoshret's Antique Weapon Emporium.
   269 | D:1      | Reached XP level 2. HP: 25/25 MP: 0/0
   557 | D:1      | XOM is BORED!
   557 | D:1      | XOM: noise
   563 | D:1      | XOM: divination: magic mapping
   644 | D:2      | Noticed Jessica
   653 | D:2      | Killed Jessica
   654 | D:2      | Reached skill level 1 in Ranged Weapons
   654 | D:2      | Reached XP level 3. HP: 30/30 MP: 0/0
   654 | D:2      | Learned a level 1 spell: Shock
   771 | D:2      | Reached skill level 2 in Ranged Weapons
   801 | D:2      | XOM: give mutations
   801 | D:2      | Gained mutation: You have hidden genetic potential. [Xom's
                  | grace]
   801 | D:2      | Gained mutation: You are agile. (Dex +4, Str/Int -1) [Xom's
                  | grace]
   908 | D:2      | Reached XP level 4. HP: 32/35 MP: 0/0
   965 | D:2      | Noticed Sigmund
   968 | D:2      | Killed Sigmund
   969 | D:2      | Reached skill level 4 in Ranged Weapons
   969 | D:2      | Reached XP level 5. HP: 40/40 MP: 0/0
   969 | D:2      | Learned a level 2 spell: Static Discharge
   969 | D:2      | Reached XP level 6. HP: 46/46 MP: 0/0
   985 | D:2      | Noticed Natasha
   987 | D:2      | Killed Natasha
   989 | D:2      | Gained mutation: You have great hidden genetic potential.
                  | [hidden potential]
  1155 | D:2      | XOM: scenery: summon butterflies
  1237 | D:2      | Noticed Natasha
  1246 | D:2      | Killed Natasha
  1313 | D:2      | Noticed Natasha
  1318 | D:2      | Killed Natasha
  1514 | D:2      | XOM: give mutations
  1514 | D:2      | Gained mutation: You expend health (3 HP) to strengthen
                  | your wands. [Xom's mischief]
  1514 | D:2      | Lost mutation: You are agile. (Dex +4, Str/Int -1) [Xom's
                  | mischief]
  1514 | D:2      | Gained mutation: You occasionally lose the ability to read
                  | scrolls when taking damage. [Xom's mischief]
  1543 | D:2      | XOM: summons friendly white imp
  1555 | D:2      | Reached skill level 5 in Ranged Weapons
  1572 | D:2      | XOM: cloud trail
  1646 | D:2      | XOM: god gift: 6 curare-tipped darts
  2018 | D:3      | Reached XP level 7. HP: 50/50 MP: 0/0
  2018 | D:3      | Learned a level 3 spell: Inner Flame
  2031 | D:3      | XOM is BORED!
  2031 | D:3      | XOM: silly message
  2037 | D:3      | Found a faded altar of an unknown god.
  2294 | D:1      | Bought a runed shortbow for 132 gold pieces
  2710 | D:4      | XOM is BORED!
  2710 | D:4      | XOM: noise
  2788 | D:4      | XOM: 1-stop teleportation journey
  2905 | D:4      | XOM: noise
  2968 | D:4      | XOM: summons 4 hostile demons
  2969 | D:4      | Noticed an orange demon
  2981 | D:4      | Noticed a water moccasin
  2985 | D:4      | XOM: silly message
  2997 | D:4      | Killed a water moccasin
  2998 | D:4      | Reached skill level 6 in Ranged Weapons
  2998 | D:4      | XOM: give mutations
  2998 | D:4      | Lost mutation: You occasionally lose the ability to read
                  | scrolls when taking damage. [Xom's mischief]
  2998 | D:4      | Gained mutation: You are clumsy. (Dex -2) [Xom's mischief]
  3216 | D:4      | Found Niahoc's Self-Improvement Boutique.
  3537 | D:4      | XOM: summons 4 hostile demons
  3538 | D:4      | Noticed a sixfirhy
  3541 | D:4      | Killed from afar by a white imp

Illustrated notes

Levels and vault maps discovered:
D:1:      lightli_arrival_isolated_outpost, layout_loops_ring, serial_shops,
          shop_fountains
D:2:      layout_basic, serial_aquarium, aquarium_bridge_straight
          [aquarium_subvault_bridge, aquarium_subvault_wall,
          aquarium_subvault_bridge, aquarium_subvault_window],
          aquarium_bridge_square [aquarium_subvault_bridge,
          aquarium_subvault_bridge, aquarium_subvault_bridge,
          aquarium_subvault_balcony], aquarium_window_1, aquarium_window_1,
          aquarium_window_corner, aquarium_window_corner, aquarium_view_2d,
          uniq_natasha, uniq_sigmund, uniq_jessica
D:3:      layout_loops_cross, shapermc_ecumenical_altar_pompeii
D:4:      layout_loops_ring, nicolae_shop_self_help

Skill      XL: |  1  2  3  4  5  6  7 |
---------------+----------------------+-----
Long Blades    | 3 |  3.1
Ranged Weapons | 1 2 4 5 6 |  6.1
Fighting       | |  3.0
Armour         | |  1.0
Dodging        | |  2.1

Action                   |  1- 3 |  4- 6 |  7- 9 || total
-------------------------+-------+-------+-------++-------
Melee: Falchion          |    13 |       |       ||    13
       Unarmed           |       |     3 |       ||     3
 Fire: Sling             |    40 |    66 |     8 ||   114
       Shortbow          |       |       |    54 ||    54
  Use: Scroll            |       |       |     8 ||     8
       Potion            |       |       |     1 ||     1
Armor: Leather armour    |    11 |     2 |    23 ||    36
Dodge: Dodged            |    18 |    28 |    47 ||    93
